 Dungeon Crawl Stone Soup version 0.25-a0-544-gee0576305d (webtiles) character file.

Game seed: 6103196347498189898, levelgen mode: classic

43494 EnegeticOcto the Cleaver (level 13, -12/127 HPs)
             Began as a Deep Dwarf Fighter on Feb 20, 2020.
             Was a High Priest of Makhleb.
             Killed from afar by an orc priest (43 damage)
             ... with an exploding inner flame
             ... hexed by the player character
             ... on level 1 of the Orcish Mines.
             The game lasted 00:10:12 (10583 turns).

EnegeticOcto the Cleaver (Deep Dwarf Fighter)      Turns: 10583, Time: 00:10:12

Health: -12/127    AC: 12    Str: 27    XL:     13   Next: 91%
Magic:  9/9        EV: 10    Int: 10    God:    Makhleb [*****.]
Gold:   555        SH: 18    Dex: 10    Spells: 12/12 levels left

rFire    . . .     SeeInvis .   B - +4 war axe
rCold    + + .     Gourm    .   s - +0 tower shield
rNeg     . . .     Faith    .   P - +1 plate armour {rC+}
rPois    .         Spirit   .   (helmet restricted)
rElec    .         Reflect  .   L - +2 cloak {MR+}
rCorr    .         Harm     .   O - +0 pair of gloves of Tomorrow {-Cast Str+3}
MR       +++..     Clarity  +   J - +0 pair of boots Stlth ..........NoCast +
                                (no amulet)
HPRegen  0.00/turn              H - +2 ring of evasion
MPRegen  0.11/turn              o - ring of protection from magic

@: corroded, non-regenerating
A: damage resistance, heal wounds, horns 1, thin metallic scales 1, clarity,
clumsy 1, cold resistance 1, sense surroundings 2, no regeneration
a: Heal Wounds, Minor Destruction, Lesser Servant of Makhleb, Major Destruction,
Greater Servant of Makhleb, Renounce Religion


You were on level 1 of the Orcish Mines.
You worshipped Makhleb.
Makhleb was extremely pleased with you.
You were hungry.

You visited 3 branches of the dungeon, and saw 16 of its levels.

You collected 819 gold pieces.
You spent 264 gold pieces at shops.

Inventory:

Hand Weapons
 B - a +4 war axe (weapon)
 C - a +3 battleaxe
Missiles
 D - 6 throwing nets (quivered)
Armour
 s - a +0 tower shield (worn)
 v - a +0 helmet
 J - a +0 pair of boots (worn)
 L - a +2 cloak of magic resistance (worn)
 O - the +0 pair of gloves of Tomorrow (worn) {-Cast Str+3}
   (You found it on level 13 of the Dungeon)

   It affects your strength (+3).
   It prevents spellcasting.
   If you remove this armour, your AC will decrease by 2 (12 -> 10).
 P - a +1 plate armour of cold resistance (worn)
Jewellery
 o - a ring of protection from magic (right hand)
 H - a +2 ring of evasion (left hand)
Wands
 b - a wand of acid (1) {@v1}
 y - a wand of disintegration (22)
 A - a wand of enslavement (12)
 E - a wand of iceblast (6)
 M - a wand of scattershot (8)
 N - a wand of paralysis (16)
Scrolls
 d - 4 scrolls of remove curse {@r6}
 h - 5 scrolls of identify {@r1}
 i - 2 scrolls of immolation {@r4}
 m - 8 scrolls of teleportation {@r2}
 t - a scroll of fear
 u - 2 scrolls of enchant weapon
 w - a scroll of enchant armour
 F - a scroll of magic mapping {@r5}
 G - 3 scrolls of amnesia
 I - 2 scrolls of fog
Potions
 a - 2 potions of magic
 c - a potion of flight {unknown}
 g - a potion of resistance {unknown}
 j - 4 potions of stabbing {@q5}
 k - a potion of might {@q3}
 l - 4 potions of brilliance
 n - 2 potions of haste {@q4}
 p - a potion of heal wounds {@q2}
 q - 2 potions of ambrosia
 r - a potion of degeneration
 x - 4 potions of curing {@q1}
 z - 2 potions of lignification {@q7}
Comestibles
 e - 23 rations


   Skills:
 * Level 11.6 Fighting
 * Level 13.3 Axes
 + Level 10.2 Armour
 + Level 9.4 Dodging
 + Level 10.1 Shields
 + Level 11.0 Invocations


You had 12 spell levels left.
You didn't know any spells.
Your spell library was empty.

Dungeon Overview and Level Annotations

Branches:
Dungeon (14/15)            Temple (1/1) D:4            Lair (0/6) D:11
    Orc (1/2) D:10         Vaults (0/5) D:13

Altars:
Ashenzari
Cheibriados
Dithmenos
Elyvilon
Fedhas
Gozag
Kikubaaqudgha
Makhleb
Nemelex Xobeh
Okawaru
Qazlal
Sif Muna
Trog
Uskayaw
Wu Jian
Yredelemnul
Beogh

Shops:
D:4 }   D:7 [   D:8 =

Annotations:
D:12 exclusions: lava snake, orange crystal statue and 3 more exclusions
D:13 1 transporter
D:14 3 runed translucent doors, Ukogguipp's ghost, journeyman DDFi
Orc:1 Snorg


Innate Abilities, Weirdness & Mutations

You are resistant to damage.
You can heal yourself by infusing magical energy.
You passively map the area around you.
You do not regenerate.
You have a pair of small horns on your head.
You are partially covered in thin metallic scales. (AC +2)
You possess an exceptional clarity of mind.
You are clumsy. (Dex -2)
Your flesh is cold resistant. (rC+)


Message History

Beogh smites you! Snorg bites you!! Snorg claws you! Snorg claws you.
The orc closely misses your neqoxec.
The orc warrior no longer looks unusually strong.
Your ynoxinul gestures.
The troll misses your ufetubus. The troll barely misses your ufetubus.
The troll claws your ufetubus.
The orc knight hits your ynoxinul with a +0 great mace!!
Your ynoxinul dies!
Your ufetubus disappears in a puff of smoke! x3
Your neqoxec hits the troll. You block the orc warrior's attack.
The orc priest barely misses you. You block the ogre's attack.
The orc closely misses your neqoxec.
Really read the scroll of immolation?
As you read the scroll of immolation {@r4}, it crumbles to dust.
The creatures around you are filled with an inner flame!
Your neqoxec closely misses the troll.
Your hellwing hits the sixfirhy.
Your hellwing barely misses the sixfirhy.
You block the orc warrior's attack. The orc priest barely misses you.
You slash the orc priest!
Flame seeps out of the orc priest.
You headbutt the orc priest, but do no damage.
The orc priest is almost dead.
You closely miss the sixfirhy. You barely miss the ogre.
You hit the orc knight but do no damage.
The orc warrior no longer looks unusually strong.
The orc hits your neqoxec but does no damage.
You block the ogre's attack.
Your neqoxec barely misses the troll.
Your hellwing hits the sixfirhy!
Your hellwing barely misses the sixfirhy.
The orc completely misses your neqoxec.
Snorg rages.
You block the orc priest's attack. The orc warrior barely misses you.
You barely miss the orc priest.
You headbutt the orc priest, but do no damage.
The orc priest is almost dead.
You closely miss the sixfirhy. You slash the ogre!
Flame seeps out of the ogre.
You hit the orc warrior but do no damage.
You hit the orc knight.
Flame seeps out of the orc knight.
The orc warrior no longer looks unusually strong.
The warg bites your neqoxec!
Snorg rages.
The sixfirhy hits your hellwing but does no damage.
Your neqoxec hits the warg!
The orc hits your neqoxec with a +0 club.
Your hellwing misses the sixfirhy.
Your hellwing barely misses the sixfirhy.
The ogre is engulfed in blazing flames.
The ogre explodes!
The fiery explosion engulfs the orc warrior!
Flame seeps out of the orc warrior.
The orc warrior is moderately wounded.
The fiery explosion engulfs the rust devil.
The rust devil completely resists.
The fiery explosion engulfs the sixfirhy!!
The sixfirhy is almost dead.
The fiery explosion engulfs the orc warrior!!
Flame seeps out of the orc warrior.
The orc warrior is almost dead.
The fiery explosion engulfs the sixfirhy!!!
You kill the sixfirhy!
The fiery explosion engulfs you!
* * * LOW HITPOINT WARNING * * *
The fiery explosion engulfs Snorg!!
Flame seeps out of Snorg.
Snorg is moderately wounded.
Makhleb accepts your kill.
You feel better.
The orc knight is engulfed in blazing flames.
Flame seeps out of the orc knight.
The orc knight closely misses you.
The orc hits your neqoxec but does no damage.
The warg barely misses your neqoxec.
Snorg is engulfed in blazing flames.
Flame seeps out of Snorg.
The orc warrior is engulfed in blazing flames.
The orc warrior explodes!
The fiery explosion engulfs the orc warrior!!
The orc warrior explodes!
The fiery explosion engulfs the orc warrior!
Flame seeps out of the orc warrior.
The orc warrior is severely wounded.
The fiery explosion engulfs the orc warrior!!
The orc warrior explodes!
The fiery explosion engulfs the orc warrior!!
The orc warrior explodes!
Makhleb accepts your kill.
The fiery explosion engulfs Snorg!!
Flame seeps out of Snorg.
Snorg is moderately wounded.
Makhleb accepts your kill. x2
You feel better. The fiery explosion engulfs you!!
* * * LOW HITPOINT WARNING * * *
The fiery explosion engulfs Snorg!!!
Flame seeps out of Snorg.
Snorg is severely wounded.
The fiery explosion engulfs the orc knight.
Flame seeps out of the orc knight.
The orc knight is moderately wounded.
The fiery explosion engulfs the sixfirhy!!
You kill the sixfirhy!
Makhleb accepts your kill.
You feel better.
You slash the orc priest!
The orc priest explodes!
The fiery explosion engulfs you!!!
You die...

, * , * ,
##* ... * ,
, .##.... ,
, ### ,
,,..#... ,
#.$> ,.....*
* , %.%%#
##...## * ,
#.§§###.....
* ,,,
*#.°§#o..# ,
, * #§§@4§#*
, , *
##T§§## ,,,,
* , #oo§4§T#
,


**#ooooo3h. * #...o##oo.... ,,, *..$.# ##....## , * *###., *#...... #,,
*........ , * * ,, .##.... * ,,, You could see Snorg (berserk), an orc knight
(inner flame), an orc high priest (inner flame), a rust devil, a troll (inner
flame), a warg, 2 orc warriors, an orc priest (inner flame), 5 orcs, a friendly
hellwing and a friendly neqoxec.

Vanquished Creatures
  An orc warlord (D:13)
  An ettin (D:13)
  Harold (D:8)
  3 vault guards (D:13)
  A hydra (D:14)
  An ogre mage (D:13)
  A centaur warrior (D:14)
  5 two-headed ogres
  2 tengu warriors
  2 orc high priests (D:13)
  A deep elf knight (D:13)
  The ghost of kae the Martial Artist, a novice DsGl of Wu Jian (D:8)
  An unseen horror (D:12)
  4 orc knights (D:13)
  3 deep elf magi
  An orc sorcerer (D:13)
  5 ugly things
  3 cyclopes
  Joseph (D:8)
  2 manticores
  Psyche (D:8)
  Maggie (D:8)
  2 gargoyles
  3 meliai (D:10)
  A troll (D:11)
  A tengu conjurer (D:14)
  Prince Ribbit (D:7)
  A hornet (D:11)
  8 hippogriffs
  4 wyverns
  A centaur simulacrum (D:14)
  A wraith (D:14)
  19 yaks
  Grum (D:11)
  A hungry ghost (D:12)
  8 vampire mosquitoes
  A soldier ant (D:12)
  2 acid dragons
  Duvessa (D:4)
  A water moccasin (D:9)
  3 sky beasts
  A hornet zombie (D:9)
  18 orc warriors
  A necrophage (D:10)
  2 ice beasts
  4 phantoms
  9 ogres
  2 wolves (D:11)
  22 centaurs
  6 big kobolds
  2 crocodiles
  9 bullfrogs
  Dowan (D:4)
  2 scorpions
  4 killer bees (D:9)
  13 wights
  A howler monkey (D:5)
  2 vampire bats (D:9)
  7 crimson imps
  5 bullfrog zombies
  6 hounds
  2 quasits (D:10)
  A bullfrog skeleton (D:8)
  4 centaur zombies
  A jelly (D:9)
  8 orc wizards
  12 orc priests
  3 centaur skeletons
  Crazy Yiuf (D:5)
  3 iguanas
  7 worker ants
  2 hound zombies
  A hound skeleton (D:4)
  3 gnolls (D:6)
  7 adders
  3 shadow imps
  An ooze (D:2)
  An adder skeleton (D:5)
  A dart slug (D:2)
  8 leopard geckos
  63 orcs
  A bat skeleton (D:9)
  5 bat zombies (D:9)
  6 giant cockroaches
  2 hobgoblins
  14 jackals
  30 kobolds
  3 quokkas
  3 ball pythons
  2 bats
  2 frilled lizards (D:3)
  4 rats
423 creatures vanquished.

Vanquished Creatures (collateral kills)
  Agnes (D:14)
  A vault guard (D:13)
  A two-headed ogre (D:13)
  A tengu warrior (D:13)
  An ogre mage (D:14)
  A deep elf archer (D:13)
  A centaur skeleton (D:13)
  An efreet (D:14)
  A troll (D:13)
  2 wyverns
  3 yaks
  An acid dragon (D:14)
  2 orc warriors
  2 ice beasts
  5 centaurs
  A scorpion (D:13)
  A crimson imp (D:13)
  3 orc wizards
  6 orcs
35 creatures vanquished.

Vanquished Creatures (others)
  A wizard (D:8)
  An orc warrior (D:13)
2 creatures vanquished.

Grand Total: 460 creatures vanquished

Notes
Turn   | Place    | Note
-------+----------+-------------------------------------------
     0 | D:1      | EnegeticOcto the Deep Dwarf Fighter began the quest for the
                  | Orb.
     0 | D:1      | Reached XP level 1. HP: 20/20 MP: 1/1
   129 | D:2      | Reached XP level 2. HP: 27/27 MP: 2/2
   233 | D:2      | Reached XP level 3. HP: 34/34 MP: 3/3
   248 | D:2      | Found an iron altar of Okawaru.
   386 | D:3      | Reached skill level 1 in Dodging
   392 | D:3      | Reached skill level 3 in Axes
   392 | D:3      | Reached XP level 4. HP: 42/42 MP: 4/4
   625 | D:4      | Found Weop's Gadget Boutique.
   804 | D:4      | Found a staircase to the Ecumenical Temple.
   854 | Temple   | Entered the Ecumenical Temple
  1077 | Temple   | Became a worshipper of Makhleb the Destroyer
  1147 | D:4      | Reached XP level 5. HP: 49/49 MP: 5/5
  1208 | D:4      | Noticed a phantom
  1226 | D:4      | Killed a phantom
  1226 | D:4      | Reached skill level 4 in Axes
  1226 | D:4      | Reached skill level 1 in Invocations
  1226 | D:4      | Reached XP level 6. HP: 52/57 MP: 5/7
  1626 | D:4      | Reached XP level 7. HP: 35/66 MP: 6/6
  1705 | D:4      | Noticed Duvessa
  1705 | D:4      | Noticed Dowan
  1718 | D:4      | Killed Duvessa
  1775 | D:4      | Killed Dowan
  1780 | D:4      | Reached skill level 5 in Axes
  2072 | D:5      | Entered Level 5 of the Dungeon
  2159 | D:5      | Reached * piety under Makhleb
  2171 | D:5      | Reached skill level 5 in Fighting
  2203 | D:5      | Reached skill level 5 in Armour
  2286 | D:5      | Reached XP level 8. HP: 46/74 MP: 8/8
  2590 | D:5      | Reached skill level 5 in Shields
  2977 | D:5      | Found a runed translucent door.
  2978 | D:5      | Noticed Crazy Yiuf
  2985 | D:5      | Killed Crazy Yiuf
  3102 | D:6      | Reached skill level 6 in Axes
  3195 | D:6      | Reached ** piety under Makhleb
  3380 | D:6      | Gained mutation: You passively map the area around you.
                  | [Deep Dwarf growth]
  3380 | D:6      | Reached XP level 9. HP: 51/82 MP: 8/8
  3635 | D:6      | Reached skill level 7 in Axes
  3801 | D:7      | Found Olozouxa's Antique Armour Shop.
  3829 | D:7      | Bought an embroidered scarf for 264 gold pieces
  3973 | D:7      | Noticed Prince Ribbit
  3990 | D:7      | Killed Prince Ribbit
  3990 | D:7      | Reached skill level 5 in Invocations
  4334 | D:8      | Noticed Joseph
  4338 | D:8      | Found a bloodstained altar of Trog.
  4352 | D:8      | Killed Joseph
  4352 | D:8      | Reached skill level 5 in Dodging
  4418 | D:8      | You fall into a shaft and drop 2 floors!
  4418 | D:10     | Entered Level 10 of the Dungeon
  4445 | D:10     | Reached skill level 8 in Axes
  4526 | D:9      | Reached *** piety under Makhleb
  4572 | D:9      | Found an ancient bone altar of Kikubaaqudgha.
  4666 | D:9      | Reached XP level 10. HP: 75/94 MP: 9/9
  4708 | D:8      | Noticed a two-headed ogre
  4714 | D:8      | Noticed Psyche
  4719 | D:8      | Killed a two-headed ogre
  4726 | D:8      | Killed Psyche
  4916 | D:8      | Noticed a deep elf mage
  4916 | D:8      | Noticed kae's ghost (novice DsGl)
  4920 | D:8      | Found a transporter.
  4930 | D:8      | Found a transporter.
  4942 | D:8      | Reached skill level 9 in Axes
  4946 | D:8      | Killed a deep elf mage
  4959 | D:8      | Killed kae's ghost
  5013 | D:8      | Noticed Maggie
  5032 | D:8      | Killed Maggie
  5065 | D:8      | Reached **** piety under Makhleb
  5125 | D:8      | Found Bothruymp's Jewellery Emporium.
  5147 | D:8      | Noticed Harold
  5164 | D:8      | Killed Harold
  5164 | D:8      | Reached XP level 11. HP: 83/104 MP: 11/11
  5323 | D:8      | Noticed a wizard
  5325 | D:8      | Killed a wizard
  5368 | D:9      | Noticed a two-headed ogre
  5395 | D:9      | Killed a two-headed ogre
  5504 | D:9      | Reached skill level 10 in Axes
  5643 | D:9      | Found a blossoming altar of Fedhas.
  6035 | D:10     | Reached ***** piety under Makhleb
  6060 | D:10     | You fall into a shaft and drop 1 floor!
  6141 | D:11     | Noticed Grum
  6170 | D:11     | Killed Grum
  6494 | D:9      | Noticed a two-headed ogre
  6503 | D:9      | Killed a two-headed ogre
  6503 | D:9      | Reached skill level 11 in Axes
  6886 | D:10     | Found a staircase to the Orcish Mines.
  7123 | D:11     | Reached XP level 12. HP: 66/115 MP: 13/13
  7269 | D:11     | Found a staircase to the Lair.
  7312 | D:12     | Noticed a two-headed ogre
  7335 | D:12     | Killed a two-headed ogre
  7676 | D:12     | Reached skill level 10 in Fighting
  7683 | D:12     | Reached ****** piety under Makhleb
  8144 | D:13     | Noticed a vault guard
  8180 | D:13     | Noticed a vault guard
  8189 | D:13     | Noticed a vault guard
  8190 | D:13     | Noticed an ogre mage
  8204 | D:13     | Killed a vault guard
  8237 | D:13     | Killed a vault guard
  8243 | D:13     | Found a gate to the Vaults.
  8244 | D:13     | Noticed a vault guard
  8266 | D:13     | Reached skill level 12 in Axes
  8276 | D:13     | Killed a vault guard
  8305 | D:13     | Killed a vault guard
  8334 | D:13     | Noticed a tengu warrior
  8334 | D:13     | Noticed a tengu warrior
  8345 | D:13     | Killed a tengu warrior
  8365 | D:13     | Killed a tengu warrior
  8488 | D:13     | Noticed an orc high priest
  8488 | D:13     | Noticed a two-headed ogre
  8488 | D:13     | Noticed an orc warlord
  8495 | D:13     | Found a roughly hewn altar of Beogh.
  8495 | D:13     | Noticed an orc high priest
  8495 | D:13     | Noticed a two-headed ogre
  8530 | D:13     | Found a transporter.
  8530 | D:13     | Found a transporter.
  8532 | D:13     | Noticed an ettin
  8556 | D:13     | Noticed an ogre mage
  8563 | D:13     | Killed a two-headed ogre
  8569 | D:13     | Killed an ogre mage
  8569 | D:13     | Reached skill level 10 in Invocations
  8569 | D:13     | Reached XP level 13. HP: 90/124 MP: 14/14
  8573 | D:13     | Killed an ettin
  8573 | D:13     | Killed an orc warlord
  8675 | D:13     | Got a pair of faintly humming gloves
  8686 | D:13     | Identified the cursed +0 pair of gloves of Tomorrow {-Cast
                  | Str+3} (You found it on level 13 of the Dungeon)
  9382 | D:14     | Noticed Agnes
  9406 | D:14     | Killed Agnes
  9479 | D:14     | Reached skill level 13 in Axes
  9695 | D:14     | Reached skill level 10 in Armour
  9766 | D:14     | Found a runed translucent gate.
  9767 | D:14     | Found a runed translucent gate.
  9768 | D:14     | Found a runed translucent gate.
  9769 | D:14     | Noticed Ukogguipp's ghost (journeyman DDFi)
  9790 | D:14     | Reached skill level 10 in Shields
 10391 | D:14     | Gained mutation: You are dopey. (Int -2) [potion of
                  | mutation]
 10391 | D:14     | Gained mutation: You are covered in fur. (AC +1) [potion of
                  | mutation]
 10391 | D:14     | Gained mutation: You are partially covered in thin metallic
                  | scales. (AC +2) [potion of mutation]
 10392 | D:14     | Lost mutation: You are covered in fur. (AC +1) [potion of
                  | mutation]
 10392 | D:14     | Lost mutation: You are dopey. (Int -2) [potion of mutation]
 10392 | D:14     | Gained mutation: You are occasionally teleported next to
                  | monsters. [potion of mutation]
 10392 | D:14     | Gained mutation: You have a pair of small horns on your
                  | head. [potion of mutation]
 10392 | D:14     | Gained mutation: You expend magic power (3 MP) to
                  | strengthen your wands. [potion of mutation]
 10392 | D:14     | Gained mutation: Your flesh is cold resistant. (rC+)
                  | [potion of mutation]
 10393 | D:14     | Lost mutation: You expend magic power (3 MP) to strengthen
                  | your wands. [potion of mutation]
 10393 | D:14     | Lost mutation: You are occasionally teleported next to
                  | monsters. [potion of mutation]
 10393 | D:14     | Gained mutation: You are clumsy. (Dex -2) [potion of
                  | mutation]
 10393 | D:14     | Gained mutation: Your spells are a little easier to cast,
                  | but a little less powerful. [potion of mutation]
 10393 | D:14     | Gained mutation: You possess an exceptional clarity of
                  | mind. [potion of mutation]
 10393 | D:14     | Lost mutation: Your spells are a little easier to cast, but
                  | a little less powerful. [potion of mutation]
 10564 | Orc:1    | Entered Level 1 of the Orcish Mines
 10564 | Orc:1    | Noticed Snorg
 10583 | Orc:1    | Killed from afar by an orc priest

Levels and vault maps discovered:
D:1:      giann_horns, layout_basic
D:2:      layout_loops_ring, nicolae_overflow_hidden_temple, minitemple,
          okawaru_trees_1
D:3:      layout_basic, old_standard_altar, nicolae_tso_swordbearing_angel,
          old_standard_altar, first_ration
D:4:      layout_basic, temple_doors_e, serial_shops, shop,
          minmay_misc_feat_rugged, uniq_duvessa
D:5:      layout_gridville, uniq_crazy_yiuf_cottage
D:6:      layout_loops_cross, corexii_leaking_fountain
D:7:      layout_cave_pools, serial_shops, shop, uniq_prince_ribbit1
D:8:      layout_rooms, serial_shops, nicolae_shop_behind_doors,
          gammafunk_ghost_arena, grunt_ogre_cave, trog_wizard, uniq_psyche,
          uniq_joseph, uniq_harold, uniq_maggie
D:9:      minmay_recursive_quarters, layout_loops_cross,
          kennysheep_vampire_church, old_standard_altar
D:10:     layout_roguey, david_orc_4, serial_bayou_pond_b
D:11:     layout_cave_pools, lair_entry_dummy, uniq_grum
D:12:     layout_basic, serial_bayou_pond_d, disabler_island
D:13:     gammafunk_beogh_shrine, layout_basic, grunt_vaults_entry_fortified,
          chequers_serial_rivers_micro_b
D:14:     layout_gridville, gammafunk_ghost_necromancy, serial_shops,
          statue_bzr, uniq_agnes
Temple:   dpeg_chambers_temple
Orc:1:    layout_diamond_mine, minmay_shop_mayhem, uniq_snorg, uniq_fannar

Skill      XL: |  1  2  3  4  5  6  7  8  9 10 11 12 13 |
---------------+----------------------------------------+-----
Fighting       | 3 4 5 6 7 8 9 10 11 | 11.6
Dodging        | 1 2 3 4 5 6 7 8 9 |  9.4
Axes           | 3 4 5 6 8 9 11 12 13 | 13.3
Armour         | 4 5 6 7 8 9 10 | 10.2
Shields        | 4 5 6 7 8 9 10 | 10.1
Invocations    | 1 2 3 4 6 7 8 10 11 | 11.0

Action                   |  1- 3 |  4- 6 |  7- 9 | 10-12 | 13-15 || total
-------------------------+-------+-------+-------+-------+-------++-------
Melee: War axe           |    75 |   106 |   441 |   759 |   261 ||  1642
       Headbutt          |       |       |       |       |     2 ||     2
Invok: Lesser Servant of |       |       |       |    10 |    10 ||    20
 Abil: Heal Wounds       |     2 |     5 |    11 |    21 |    27 ||    66
Evoke: Wand              |       |       |     3 |     5 |     1 ||     9
  Use: Scroll            |       |       |    13 |     2 |    10 ||    25
       Potion            |       |       |       |     2 |     4 ||     6
 Stab: Distracted        |       |       |       |     3 |     3 ||     6
  Eat: Chunk             |       |     3 |    10 |    15 |     7 ||    35
Armor: Scale mail        |    41 |    54 |    10 |       |       ||   105
       Chain mail        |       |       |   230 |   356 |     8 ||   594
       Plate armour      |       |       |       |       |   140 ||   140
Dodge: Dodged            |    32 |    45 |   154 |   369 |   129 ||   729
Block: Kite shield       |    48 |    63 |   258 |   478 |       ||   847
       Tower shield      |       |       |       |    83 |   321 ||   404

Table legend:
 A = Non-vault XP
 B = Vault XP
 C = Vault XP percentage of total XP
 D = Non-vault monster count
 E = Vault monster count
 F = Vault count percentage of total count
                 A         B        C        D         E       F
            +---------+---------+-------+---------+---------+-------
      Total |   38879 |   23256 |  37.4 |     383 |      76 |  16.6
            +---------+---------+-------+---------+---------+-------
        D:1 |       9 |       0 |   0.0 |       5 |       0 |   0.0
        D:2 |      35 |       0 |   0.0 |      15 |       0 |   0.0
        D:3 |      71 |       0 |   0.0 |      17 |       0 |   0.0
        D:4 |     696 |     225 |  24.4 |      24 |       2 |   7.7
        D:5 |     607 |      39 |   6.0 |      21 |       1 |   4.5
        D:6 |    1409 |       0 |   0.0 |      31 |       0 |   0.0
        D:7 |     814 |     274 |  25.2 |      15 |       1 |   6.2
        D:8 |    2063 |    3601 |  63.6 |      40 |       9 |  18.4
        D:9 |    5070 |     783 |  13.4 |      39 |      14 |  26.4
       D:10 |    1535 |     744 |  32.6 |      17 |      17 |  50.0
       D:11 |    4031 |     436 |   9.8 |      33 |       3 |   8.3
       D:12 |    5493 |       0 |   0.0 |      33 |       0 |   0.0
       D:13 |    7068 |   14936 |  67.9 |      39 |      27 |  40.9
       D:14 |    9311 |    2218 |  19.2 |      47 |       2 |   4.1
      Orc:1 |     667 |       0 |   0.0 |       7 |       0 |   0.0
            +---------+---------+-------+---------+---------+-------
